[Event "*** SCC Grand Prix: Titled Tuesday Blitz"]
[Site "Chess.com"]
[Date "2020.09.08"]
[Round "1"]
[White "lacafi"]
[Black "Sashadav97"]
[Result "0-1"]
[WhiteElo "2155"]
[BlackElo "2523"]
[TimeControl "180+1"]
[EndTime "10:09:06 PDT"]
[Termination "Sashadav97 won by resignation"]

1. d4 Nf6 2. Nf3 e6 3. e3 b6 4. Bd3 Bb7 5. Nbd2 d5 6. Qe2 Be7 7. O-O c5 8. c3 Nc6 9. dxc5 bxc5 10. e4 O-O 11. Re1 Re8 12. e5 Nd7 13. Nf1 Nf8 14.
Ng3 Qc7 15. Bg5 Bxg5 16. Nxg5 h6 17. Nf3 Rab8 18. Qe3 Ne7 19. b3 Nfg6 20. h4 d4 21. cxd4 Nd5 22. Qd2 cxd4 23. Bxg6 fxg6 24. Nxd4 Rbd8 25.
Rac1 Qe7 26. Nf3 Qf8 27. Qc2 Nf4 28. Ne4 Nd3 29. Nd6 Bxf3 30. Nxe8 Nxe1 31. Rxe1 Rxe8 32. gxf3 Qf7 33. Qe4 Rf8 34. Kg2 Kh8 35. Rd1 Qe7 36. Rd6 Rf5 37. f4 Qxh4 38. Rd8+ Kh7 39. Qa8 Qg4+ 40.
Kf1 g5 41. Rh8+ Kg6 42. Qe8+ Rf7 43. Rf8 Qd1+ 44. Kg2 Qg4+ 45. Kf1 Qd1+ 46. Kg2 Qd5+ 47. Kf1 Qd7 48. Qxd7 Rxd7 49. Re8 Kf5 50. fxg5 hxg5 51. Kg2 Kxe5 52. Kg3 Kf5 53. f3 g6 54. Rg8 Ke5 55. Rf8 Rd2 56. Rg8 Rxa2 57. Rxg6 Kf5 58. Rg7 a5 59. Rf7+ Kg6 60. Re7 Kf6 61. Ra7 Rb2 62.
Rxa5 Rxb3 63. Rc5 Ra3 64. Rb5 e5 65. Rb6+ Kf5 66. Rb5 g4 67. Kg2 Rxf3 68. Rb4 Rf4 69. Rb5 Rd4 70. Rb8 Rd6 71. Rf8+ Rf6 72. Rb8 Ke4 73. Kg3 Rg6 74. Rb4+ Kf5 75. Ra4 Rg7 76.
Rb4 Rc7 77. Ra4 Rc3+ 78. Kg2 e4 79. Rb4 Kf4 80. Ra4 Rc2+ 81. Kg1 Kf3 82. Ra3+ e3 0-1

[Event "*** SCC Grand Prix: Titled Tuesday Blitz"]
[Site "Chess.com"]
[Date "2020.09.08"]
[Round "1"]
[White "MPGM"]
[Black "RamyresCoelho"]
[Result "1-0"]
[WhiteElo "2473"]
[BlackElo "1778"]
[TimeControl "180+1"]
[EndTime "10:09:09 PDT"]
[Termination "MPGM won by checkmate"]

1. d4 Nf6 2. c4 g6 3. Nc3 d5 4.
cxd5 Nxd5 5. e4 Nxc3 6. bxc3 Bg7 7. Bc4 O-O 8. Ne2 c5 9. O-O cxd4 10. cxd4 Nc6 11.
Be3 Na5 12. Bd3 b6 13. Rc1 Bb7 14. Qd2 Rc8 15. h4 e5 16. Rxc8 Bxc8 17. dxe5 Qxh4 18.
Bg5 Qg4 19. f4 Qd7 20. Rd1 h6 21. Bf6 Bxf6 22. exf6 Rd8 23. Qc3 Ba6 24. Bc2 Qe8 25. Rxd8 Qxd8 26. Ng3 Bc4 27. f5 Qc7 28. fxg6 Qc5+ 29.
Kh2 fxg6 30. e5 Bxa2 31. Qd3 Bf7 32. Qd8+ Qf8 33. Qd7 Qe8 34. Qxe8+ Bxe8 35. e6 Nc6 36. Bb3 Kf8 37. f7 Bxf7 38. exf7 Ne5 39. Ne4 Nxf7 40. Nf6 Kg7 41. Nd7 Nd6 42. Kg3 Nf5+ 43. Kf4 Nd4 44.
Bd1 Ne6+ 45. Ke5 Nc5 46. Nxc5 bxc5 47. Kd5 Kf6 48. Kxc5 Kf5 49. Bc2+ Kg5 50. Kd4 a5 51. Ke3 h5 52. Kf3 Kf6 53. Kf4 g5+ 54. Ke4 h4 55. Kf3 Ke5 56. Kg4 Kf6 57. Ba4 Kg6 58. Bb3 Kh6 59. Bc2 a4 60. Bxa4 Kg7 61. Bc2 Kh6 62. Be4 h3 63. g3 h2 64. Kh3 Kh5 65. Kxh2 Kg4 66. Kg2 Kh5 67. Bf3+ g4 68. Bd1 Kg5 69. Kf2 Kf5 70. Ke3 Kg5 71. Ke4 Kh5 72. Kf4 Kh6 73.
Bxg4 Kg6 74. Bf3 Kh6 75. g4 Kg6 76. g5 Kg7 77. Be4 Kg8 78. Kf5 Kh8 79. Kf6 Kg8 80. g6 Kh8 81. g7+ Kg8 82. Bd5+ Kh7 83. g8=Q+ Kh6 84.
Qg6# 1-0

[Event "*** SCC Grand Prix: Titled Tuesday Blitz"]
[Site "Chess.com"]
[Date "2020.09.08"]
[Round "1"]
[White "ljuks68"]
[Black "exoticprincess"]
[Result "0-1"]
[WhiteElo "2436"]
[BlackElo "2878"]
[TimeControl "180+1"]
[EndTime "10:09:10 PDT"]
[Termination "exoticprincess won on time"]

1. e4 c6 2. d4 d5 3. e5 Bf5 4. Nd2 e6 5. Nb3 Nd7 6. Nf3 Ne7 7. Be2 h6 8. O-O Bh7 9. a4 Ng6 10. g3 Be7 11. h4 O-O 12. h5 Nh8 13. Re1 f6 14.
Bd3 Bxd3 15. Qxd3 f5 16. Kg2 Qe8 17. Rh1 Nf7 18. Be3 Rc8 19. a5 Ng5 20. Nxg5 hxg5 21. f4 g4 22. c4 Kh7 23. Rac1 a6 24. Nd2 Qf7 25. Qb3 Rb8 26. Bf2 Rfd8 27. Nf1 Nf8 28. Ne3 Rdc8 29. cxd5 exd5 30. Qd3 Kg8 31. Qxf5 Ne6 32.
Qxf7+ Kxf7 33. Nxg4 Bb4 34. f5 Ng5 35. h6 Rh8 36.
hxg7 Kxg7 37. Be3 Ne4 38. Rxh8 Rxh8 39. Rh1 Rxh1 40. Kxh1 Nxg3+ 41. Kg2 Nxf5 42. Kf3 Bxa5 43. Bg5 Nxd4+ 44. Kf4 Ne6+ 45. Kf5 Nxg5 46. Kxg5 d4 47. Kf5 d3 48. Ne3 Bb6 49. Nc4 Bd4 50. e6 Kf8 51.
Ke4 d2 52. Nxd2 Bxb2 53. Nc4 Bf6 54. Nd6 b5 55. Kf5 Be7 56. Nc8 c5 57. Ke5 c4 58.
Kd4 Ke8 59. Nb6 Bf6+ 60. Ke3 Ke7 61. Nd5+ Kxe6 62. Nc7+ Kd6 63. Nxa6 Bg5+ 64. Ke4 Bf6 65. Ke3 Be7 66. Ke4 Kc6 67. Nb8+ Kc7 68. Na6+ Kb6 69. Nb8 Bd6 70. Nd7+ Kc6 71. Nf6 Bc5 72. Nd5 b4 73.
Nf4 b3 74. Ne2 Bb4 75. Kd4 b2 0-1

[Event "*** SCC Grand Prix: Titled Tuesday Blitz"]
[Site "Chess.com"]
[Date "2020.09.08"]
[Round "1"]
[White "Lion-Al-Messi"]
[Black "SophieNikoladze"]
[Result "1-0"]
[WhiteElo "2569"]
[BlackElo "2241"]
[TimeControl "180+1"]
[EndTime "10:09:10 PDT"]
[Termination "Lion-Al-Messi won by resignation"]

1. e4 d6 2. d4 Nf6 3. Nc3 e5 4. Nf3 exd4 5. Nxd4 Be7 6. Be2 O-O 7. O-O a6 8. Re1 c5 9. Nf5 Bxf5 10. exf5 d5 11.
Bf3 d4 12. Ne4 Ra7 13. Bf4 Nbd7 14. Nd6 b5 15. Nb7 Qc8 16. Rxe7 Rxb7 17. Bxb7 Qxb7 18. Qf3 Qxf3 19. gxf3 Nb6 20. Bd6 Nc8 21. Bxc5 Nxe7 22.
Bxe7 Rc8 23. Bxf6 gxf6 24. Rc1 Rc5 25. c3 dxc3 26. bxc3 Rxf5 27. Kg2 Rc5 28. Kf1 Kg7 29. Ke2 Kg6 30. Kd3 Rc4 31. Rg1+ Kf5 32. Rg7 h5 33. Rxf7 Ra4 34. Rc7 Rxa2 35. Rc5+ Kg6 36. Ke3 Rb2 37. f4 h4 38. f5+ Kg5 39. h3 Rb3 40. f4+ Kh6 41.
Rc6 Kg7 42. Rc7+ Kf8 43. Ke4 b4 44. cxb4 Rxb4+ 45. Kf3 a5 46. Ra7 Rb3+ 47. Kg4 Ra3 48. Kxh4 a4 49. Kg4 Ra1 50. h4 a3 51. Kh5 a2 52.
Kh6 Rh1 53. Rxa2 Rxh4+ 54. Kg6 Rxf4 55. Kxf6 Ke8 56. Ra8+ Kd7 57. Ra7+ Kd6 58. Kg6 Rg4+ 59. Kf7 Rg1 60. f6 Rf1 61. Ra2 Kd7 62. Rd2+ Kc6 63.
Ke7 Re1+ 64. Kf8 Rf1 65. f7 Rf3 66. Rd4 Kc5 67. Rd8 Kc6 68. Ke7 Re3+ 69. Kf6 Rf3+ 70. Kg6 Rg3+ 71. Kh5 Rf3 72. f8=Q Rxf8 73. Rxf8 Kd6 74.
Rf5 Ke6 75. Kg5 Kd6 76. Kf4 Ke6 77. Ke4 Kd6 78. Re5 Kc6 79. Rd5 Kc7 80. Kd4 Kc6 81.
Kc4 Kb6 82. Rc5 Kb7 83. Kb5 Ka7 84. Rc7+ Ka8 85. Kb6 Kb8 86. Rc6 1-0

[Event "*** SCC Grand Prix: Titled Tuesday Blitz"]
[Site "Chess.com"]
[Date "2020.09.08"]
[Round "1"]
[White "Agibileg"]
[Black "Politov_Pavel"]
[Result "1-0"]
[WhiteElo "2589"]
[BlackElo "2262"]
[TimeControl "180+1"]
[EndTime "10:09:17 PDT"]
[Termination "Agibileg won on time"]

1. d4 Nf6 2. c4 e6 3. Nc3 Bb4 4.
Qc2 c5 5. dxc5 Bxc5 6. Nf3 O-O 7.
e3 b6 8. Be2 Bb7 9. O-O d5 10.
cxd5 Nxd5 11. Nxd5 Bxd5 12. a3 Qf6 13. e4 Bb7 14. b4 Qxa1 15. Bb2 Qxf1+ 16. Bxf1 Bd6 17. e5 Rc8 18. Qd1 Be7 19. b5 Bd5 20. Nd4 Nd7 21.
Nc6 Bc5 22. Bd4 Bxc6 23. bxc6 Rxc6 24. Bxc5 Nxc5 25. Bb5 Rcc8 26. h3 Rd8 27. Qg4 Rac8 28. h4 h6 29. h5 Rd5 30. f4 Rcd8 31. Be2 Rd4 32. Qg3 Nd3 33. Bxd3 Rxd3 34. Qh4 R8d7 35. a4 R3d4 36. a5 bxa5 37. Qf2 a4 38. Qe3 Rd3 39.
Qc5 a3 40. Qc8+ Rd8 41. Qc2 Rd2 42. Qa4 a2 43. Kh2 g6 44. hxg6 fxg6 45. Qxa7 h5 46.
Qa6 Kg7 47. Qa7+ Kh6 48. Kh3 R8d7 49. Qa8 R2d3+ 50. g3 Kg7 51. Qxa2 Rd2 52. Qxe6 R2d3 53. Qf6+ Kh7 54. e6 Rg7 55. e7 Re3 56. Kh4 Rexe7 57.
Kg5 Ref7 58. Qe6 Rf5+ 59. Kh4 Rgf7 60. Qd6 R7f6 61. Qe7+ Rf7 62. Qe8 R7f6 63. Kh3 Rf7 64. Qe6 Kg7 65. Qe4 g5 66. fxg5 Rxg5 67. Qd4+ Kh7 68. Qd3+ Kh6 69. Qd6+ Rg6 70. Qd2+ Kh7 71. Kh4 Rf5 72. Qd7+ Kh6 73. Qxf5 Rg4+ 74. Kh3 Rg6 75. Qf8+ Kh7 76. Kh4 Rg4+ 77. Kxh5 Rxg3 78. Qf5+ Kg8 79. Qe6+ 1-0

[Event "*** SCC Grand Prix: Titled Tuesday Blitz"]
[Site "Chess.com"]
[Date "2020.09.08"]
[Round "1"]
[White "MattyDPerrine"]
[Black "kayrakamer"]
[Result "1-0"]
[WhiteElo "2334"]
[BlackElo "2628"]
[TimeControl "180+1"]
[EndTime "10:09:20 PDT"]
[Termination "MattyDPerrine won on time"]

1. e4 c5 2. Nf3 e6 3. d4 cxd4 4.
Nxd4 a6 5. Nc3 b5 6. g3 Bb7 7. Bg2 Nf6 8. Qe2 Nc6 9. Be3 Ne5 10.
f4 Nc4 11. Bf2 Nxb2 12. O-O Rc8 13. Ncxb5 axb5 14. Qxb5 Bxe4 15. Qxb2 Bxg2 16. Kxg2 Be7 17.
Rfe1 O-O 18. Qb3 d5 19. f5 Ne4 20. fxe6 fxe6 21. Rxe4 dxe4 22. Nxe6 Rxf2+ 23. Kxf2 Qd2+ 24. Kg1 Kh8 25. Qb7 Re8 26. Qxe4 Bf6 27. Re1 Bd4+ 28. Kh1 Bf2 29. Rf1 h6 30. Qe5 Qd7 31. Rxf2 Rxe6 32.
Rf8+ Kh7 33. Qf5+ g6 34. Rf7+ Kg8 35. Rxd7 gxf5 36. Rd2 Kg7 37. Kg2 Kg6 38. c3 Rc6 39. Rc2 Rc4 40. Kf3 Kg5 41. h3 h5 42. h4+ Kf6 43. Ke3 Ke5 44. Kd3 Rg4 45. Re2+ Kd5 46.
Re3 Ra4 47. Rf3 Ke5 48. Rf2 Rg4 49. Re2+ Kd5 50. c4+ Kc5 51. Re3 Rd4+ 52. Ke2 Kxc4 53. Kf3 Rd2 54. Re5 Rxa2 55. Rxf5 Ra3+ 56. Kf4 Kd4 57. Rxh5 Ra1 58. Rh8 Rf1+ 59. Kg4 Ke5 60. Re8+ Kd6 61. Re3 Kd7 62. Rf3 Rh1 63. Kg5 Ke6 64.
g4 Ra1 65. Re3+ Kf7 66. h5 Kg7 67. Re5 Ra6 68. Re7+ Kh8 69. Rc7 Rb6 70. h6 Rb5+ 71. Kg6 Rb6+ 72. Kh5 Rb5+ 73. g5 Rb6 74. Rc8+ Kh7 75.
Rc7+ Kh8 76. g6 Rb5+ 77. Kg4 Rb4+ 78. Kf5 Rb5+ 79. Ke4 Rb4+ 80. Kd5 Rb5+ 81. Kc6 Rb8 82. Rh7+ Kg8 83. Rg7+ Kh8 84. Rc7 Kg8 85. Kd6 Kh8 86. Kd7 Rg8 87. Rc8 1-0

[Event "*** SCC Grand Prix: Titled Tuesday Blitz"]
[Site "Chess.com"]
[Date "2020.09.08"]
[Round "1"]
[White "Slovak_fighter2000"]
[Black "Joshukid"]
[Result "1-0"]
[WhiteElo "2376"]
[BlackElo "2694"]
[TimeControl "180+1"]
[EndTime "10:09:21 PDT"]
[Termination "Slovak_fighter2000 won by checkmate"]

1. d4 Nf6 2. Bf4 d5 3. e3 e6 4.
Nf3 Bd6 5. Bg3 O-O 6. Bd3 c5 7. c3 Nc6 8. Nbd2 Qe7 9. Ne5 Bxe5 10. dxe5 Nd7 11. Nf3 f5 12. exf6 Nxf6 13. Qe2 e5 14. e4 d4 15. cxd4 exd4 16. Nd2 Kh8 17. O-O a6 18. a4 Nb4 19. f3 b6 20. Nc4 Qd8 21. b3 Be6 22. Rfd1 b5 23. Nd2 Qb6 24. Bf2 Nxd3 25. Qxd3 Nd7 26. axb5 axb5 27. Rxa8 Rxa8 28. b4 Ra4 29. bxc5 Nxc5 30. Qc2 h6 31. Rb1 Ra2 32. Rb2 Ra1+ 33. Rb1 Rxb1+ 34. Qxb1 Na4 35. Qb4 Nc3 36. h3 Ne2+ 37. Kf1 Nf4 38. Qxd4 Qxd4 39. Bxd4 b4 40. h4 b3 41. g3 Nd3 42. Ke2 Nc1+ 43. Ke3 Kg8 44. f4 Na2 45. f5 Bf7 46. g4 Nb4 47.
Bc3 Nc2+ 48. Kd3 Ne1+ 49. Ke2 Ng2 50. Nf3 Bc4+ 51. Kf2 Nf4 52. Ke3 Nd3 53. Nd2 b2 54. Kd4 Ba6 55. e5 Nf2 56. Bxb2 Nxg4 57. e6 Kf8 58. Ne4 h5 59. Ba3+ Kg8 60. Nd6 Nh6 61. e7 Bb5 62. Nxb5 Nxf5+ 63. Ke5 Nxe7 64. Bxe7 Kf7 65.
Bg5 Kg6 66. Nd4 Kh7 67. Nf3 Kg6 68. Kf4 Kh7 69. Kf5 Kg8 70. Kg6 Kh8 71. Kxh5 Kh7 72.
Kg4 Kg8 73. Kf5 Kh7 74. Ne5 Kh8 75. Kg6 Kg8 76. Nc6 Kh8 77. Nd4 Kg8 78. Nf5 Kh8 79. Nxg7 Kg8 80. Bf6 Kh8 81. Be7 Kg8 82. Nf5 Kh8 83. Bd6 Kg8 84. Nh6+ Kh8 85. Be5# 1-0

[Event "*** SCC Grand Prix: Titled Tuesday Blitz"]
[Site "Chess.com"]
[Date "2020.09.08"]
[Round "1"]
[White "ferdipy"]
[Black "blitzking1729"]
[Result "1-0"]
[WhiteElo "2336"]
[BlackElo "2634"]
[TimeControl "180+1"]
[EndTime "10:09:24 PDT"]
[Termination "ferdipy won by checkmate"]

1. e4 d6 2. d4 Nf6 3. Nc3 e5 4.
Nf3 Nbd7 5. Bc4 Be7 6. O-O O-O 7. h3 c6 8. a4 Qc7 9. Be3 b6 10. dxe5 Nxe5 11. Nxe5 dxe5 12. Qe2 Bb4 13. Na2 Be7 14. Nc3 h6 15. Rad1 Re8 16. Qf3 Bb4 17. Bxh6 Bxc3 18. bxc3 Be6 19. Bd3 Nh7 20. Bc1 Nf8 21. Qg3 Ng6 22.
h4 Nf4 23. Rfe1 Rad8 24. Bf1 Rxd1 25. Rxd1 Rd8 26. Re1 a5 27. Qf3 Qb8 28. g3 Ng6 29.
h5 Nf8 30. h6 Nh7 31. hxg7 b5 32.
axb5 cxb5 33. Kg2 a4 34. Be2 a3 35. Bxa3 Bh3+ 36. Kg1 Qb6 37. Qh5 Be6 38. Kg2 Kxg7 39. Bc1 Rh8 40. Qxe5+ f6 41. Qd4 Qc6 42. Bf3 Qc7 43.
Bf4 Qc8 44. Ra1 Rd8 45. Ra7+ Bf7 46. Qe3 Kg8 47. e5 f5 48. e6 Qxe6 49. Qc5 Qg6 50. Qc7 Re8 51. Bc6 Rf8 52. Bd6 Ng5 53. Bxf8 Qh5 54. Be7 Qh3+ 55. Kg1 Ne4 56. Bxe4 fxe4 57. Qd8+ Kg7 58. Qf8+ Kg6 59. Bc5 Qf5 60. Qxf7+ Qxf7 61. Rxf7 Kxf7 62. Kf1 Ke6 63. Ke2 Kd5 64. Bb4 Kc4 65. Ke3 Kd5 66. f3 Ke5 67. fxe4 Ke6 68. Kd4 Kd7 69. Kc5 Ke6 70. Kxb5 Ke5 71. c4 Kxe4 72. c5 Kd5 73. c6 Ke6 74. c7 Kd7 75. Kb6 Kc8 76.
g4 Kd7 77. Kb7 Ke6 78. c8=Q+ Kf7 79. Qf5+ Kg7 80. Bc3+ Kh6 81. g5+ Kh5 82. g6+ Kh6 83. Qf8+ Kxg6 84. Qg7+ Kf5 85. Qe5+ Kg6 86. Kc6 Kf7 87.
Qd6 Ke8 88. Qc7 Kf8 89. Kd6 Kg8 90. Qg7# 1-0

[Event "*** SCC Grand Prix: Titled Tuesday Blitz"]
[Site "Chess.com"]
[Date "2020.09.08"]
[Round "1"]
[White "Thjop"]
[Black "c_r_e_e_p_e_r"]
[Result "1-0"]
[WhiteElo "2649"]
[BlackElo "2319"]
[TimeControl "180+1"]
[EndTime "10:09:28 PDT"]
[Termination "Thjop won by checkmate"]

1. d4 Nf6 2. Nf3 g6 3. g3 Bg7 4.
Bg2 O-O 5. O-O d6 6. c4 Nc6 7. Nc3 Bd7 8. Bf4 a6 9. Rc1 Rb8 10. Nd5 Nxd5 11. cxd5 Nb4 12. Qb3 a5 13. a3 Na6 14. e4 c5 15. dxc6 bxc6 16. Qd3 Qb6 17. Rc2 c5 18. e5 Bf5 19. Qd2 Bxc2 20. Qxc2 cxd4 21. exd6 exd6 22. Rd1 Qxb2 23. Qc4 Qb3 24. Qf1 Qb6 25. Ng5 Be5 26. Bd2 Nc5 27. Bd5 h6 28. Nf3 Bg7 29. h4 Na4 30. h5 g5 31. Be4 Nc3 32. Bxc3 dxc3 33. Bc2 f5 34. Qd3 Qc5 35. Kg2 Rbd8 36. a4 Kh8 37. Bb3 d5 38. Bc2 d4 39. Bb3 Rd6 40. Bc2 Rd5 41. Re1 Rdd8 42.
Re6 Qd5 43. Rg6 Qe4 44. Kf1 Qxd3+ 45. Bxd3 Rf6 46. Rxf6 Bxf6 47. Ke2 Kg7 48. Bxf5 Re8+ 49. Kd1 Rd8 50. Bd3 Be7 51. Ne1 Bb4 52. Nf3 Kf6 53.
Kc2 Bc5 54. g4 Rb8 55. Kd1 Rb2 56. Bc2 Ra2 57. Ne1 Ra1+ 58. Ke2 Ra2 59. Kd1 Ke5 60. Nd3+ Kd6 61. Ne1 Ra1+ 62. Ke2 Bb4 63. Nf3 Ra2 64. Kd3 Bc5 65. Ne1 Ra1 66. Ke2 Rc1 67. Bb3 Bb4 68. Nd3 Rb1 69. Bc2 Ra1 70. Ne1 Ra2 71.
Kd3 Kc5 72. Nf3 Ba3 73. Ne5 Bb2 74. Nd7+ Kd6 75. Nf6 Ke5 76. Ne4 Kf4 77. Nf6 Kf3 78. Bd1+ Kxf2 79. Ng8 Bc1 80. Bc2 Rb2 81. Nxh6 Kg3 82.
Nf7 Kxg4 83. h6 Rb8 84. h7 Rh8 85. Nxh8 Kf3 86. Nf7 g4 87. h8=Q g3 88. Ne5+ Kf2 89. Qh3 g2 90. Ng4+ Kg1 91. Qg3 Kh1 92. Qh2# 1-0

[Event "*** SCC Grand Prix: Titled Tuesday Blitz"]
[Site "Chess.com"]
[Date "2020.09.08"]
[Round "1"]
[White "novocane"]
[Black "davidkalashian"]
[Result "1-0"]
[WhiteElo "2303"]
[BlackElo "2594"]
[TimeControl "180+1"]
[EndTime "10:09:28 PDT"]
[Termination "novocane won by resignation"]

1. d4 Nf6 2. c4 e6 3. Nc3 Bb4 4. e3 c6 5. Ne2 d5 6. a3 Be7 7. Nf4 O-O 8. cxd5 exd5 9. Bd3 Bd6 10. Qf3 Re8 11. h3 Nbd7 12. O-O Nf8 13. b3 Ng6 14. Nxg6 hxg6 15. Bb2 Nh7 16. Qd1 Qh4 17. Qd2 Bf5 18. f4 Nf6 19. Rf3 Ne4 20. Bxe4 Bxe4 21. Nxe4 Rxe4 22.
Raf1 f5 23. Qe1 Qxe1 24. Rxe1 Rae8 25. Kf2 Kf7 26. Bc1 Kf6 27. g4 Rh8 28. g5+ Kf7 29. Rd1 Rhe8 30. Rd3 R8e7 31. b4 a6 32. Rb3 Re8 33. Kg2 R4e7 34. a4 Rc8 35. Rf2 Ra8 36. Rc2 Rc7 37. Rcb2 Rac8 38. b5 axb5 39. axb5 cxb5 40.
Bd2 Rc2 41. Rxb5 Rxb2 42. Rxb2 Rc7 43. Kf3 Ke6 44. Bb4 Kd7 45. Bxd6 Kxd6 46. Rb6+ Kd7 47. Rxg6 Kc8 48. Rd6 b5 49. Rxd5 Rb7 50. Rc5+ Kd7 51. Rc2 b4 52. Rb2 Kd6 53. e4 Rb5 54. exf5 Kd5 55. f6 gxf6 56. gxf6 Ke6 57. Ke4 Kxf6 58. d5 b3 59. Kd4 Rb4+ 60. Kc5 Rb8 61. d6 Kf5 62. d7 Ke6 63. Kc6 Ke7 64. Re2+ Kf7 65.
Rb2 Ke7 66. Kc7 Ra8 67. Re2+ Kf7 68. Rb2 Ra7+ 69. Kc8 Ra8+ 70. Kb7 Rd8 71. Kc7 Ke7 72. Re2+ Kf7 73. Kxd8 b2 74. Rxb2 1-0

[Event "*** SCC Grand Prix: Titled Tuesday Blitz"]
[Site "Chess.com"]
[Date "2020.09.08"]
[Round "1"]
[White "THE_PLAYER6"]
[Black "Msb2"]
[Result "1-0"]
[WhiteElo "2463"]
[BlackElo "2887"]
[TimeControl "180+1"]
[EndTime "10:09:33 PDT"]
[Termination "THE_PLAYER6 won by checkmate"]

1. c4 e5 2. Nc3 Bb4 3. Nd5 a5 4. Nxb4 axb4 5. g3 Nf6 6. Bg2 O-O 7.
d3 d5 8. cxd5 Nxd5 9. Nf3 Nc6 10. O-O f6 11. Bd2 Be6 12. Qc2 Qd6 13. Rfc1 Ra6 14. Qc5 Qxc5 15. Rxc5 Rfa8 16. Nxe5 fxe5 17. Bxd5 Bxd5 18. Rxd5 Rxa2 19. Rb1 Ra1 20. Rxa1 Rxa1+ 21. Kg2 Rb1 22. Rd7 Rxb2 23. Be3 Rxe2 24. Rxc7 b3 25.
Rxb7 b2 26. Kf3 Rc2 27. Ke4 Nd8 28. Rb8 Kf7 29. d4 Nc6 30. Rb7+ Ke8 31. Kd3 Rc1 32. Rxb2 Rd1+ 33. Ke2 Rh1 34. d5 Ne7 35. d6 Nf5 36. Rb7 Nxd6 37. Rxg7 Rxh2 38. Kf3 Kf8 39. Rd7 Nf7 40. Bc5+ Kg8 41. Ke4 Rh6 42. Rc7 Ra6 43.
Kf5 Kg7 44. Be7 h5 45. f3 Kg8 46. Bf6 Nd6+ 47. Kg6 Ne8 48. Rf7 Re6 49. Re7 Rxf6+ 50. Kg5 Rf8 51. Kxh5 Ng7+ 52. Kg6 Nf5 53. Rxe5 Nxg3 54.
Rg5 Ne2 55. Kh6+ Kh8 56. Re5 Nf4 57. Re7 Rf6+ 58. Kg5 Rf8 59. Kh6 Ra8 60. Rh7+ Kg8 61. Rg7+ Kf8 62. Rh7 Ra6+ 63. Kg5 Ne6+ 64. Kf5 Ng7+ 65.
Ke5 Kg8 66. Rh1 Kf7 67. f4 Re6+ 68. Kd4 Rf6 69. Ke4 Rf5 70. Rg1 Rb5 71. Rg5 Rb4+ 72.
Kf3 Ne6 73. Rf5+ Kg6 74. Re5 Kf6 75. Re4 Rb3+ 76. Re3 Ra3 77. Rxa3 Nd4+ 78. Ke4 Ne6 79. Ra6 Kf7 80. Ke5 Nc5 81. Ra7+ Kg6 82. f5+ Kg5 83. Rg7+ Kh6 84. Rg1 Kh7 85. f6 Nd7+ 86. Ke6 Nc5+ 87. Ke7 Nd3 88. f7 Ne5 89. f8=Q Nc6+ 90.
Kd6 Ne5 91. Qg7# 1-0

[Event "*** SCC Grand Prix: Titled Tuesday Blitz"]
[Site "Chess.com"]
[Date "2020.09.08"]
[Round "1"]
[White "biostatistician"]
[Black "VladaSviridova"]
[Result "1/2-1/2"]
[WhiteElo "2611"]
[BlackElo "2303"]
[TimeControl "180+1"]
[EndTime "10:09:33 PDT"]
[Termination "Game drawn by agreement"]

1. d4 d5 2. Nf3 Nf6 3. c4 c6 4. cxd5 cxd5 5. Nc3 Nc6 6. Bf4 a6 7. Rc1 Bf5 8. e3 Rc8 9. Bd3 Bxd3 10. Qxd3 e6 11. O-O Be7 12. Na4 Nd7 13. a3 O-O 14. b4 b5 15. Nc5 Nxc5 16. dxc5 Bf6 17. Rfd1 e5 18. Bg3 e4 19. Qxd5 Qxd5 20. Rxd5 exf3 21.
gxf3 Bb2 22. Rb1 Bxa3 23. Ra1 Bxb4 24. Rxa6 Ne7 25. Rd7 Bxc5 26. Ra5 Nf5 27. Rxb5 Nxg3 28. hxg3 h5 29. Rd5 Be7 30. Rxh5 g6 31. Rhd5 Bf6 32. Kg2 Kg7 33. Rd7 Rce8 34. Rbb7 Re6 35. f4 Rc6 36. e4 Bc3 37. e5 Be1 38. Kf1 Bc3 39. Ke2 Ba1 40. Ke3 Bc3 41. Ke4 Be1 42. Kf3 Rc2 43.
e6 Rxf2+ 44. Ke3 Rh2 45. Rxf7+ Rxf7 46. Rxf7+ Kg8 47. g4 Bg3 48. Kf3 Bh4 49. Rb7 Rf2+ 50. Ke3 Rf1 51. g5 Re1+ 52. Kf3 Rxe6 53. Rb1 Be1 54.
Kg4 Kf7 55. Rb7+ Kf8 56. Rc7 Kg8 57. Ra7 Kf8 58. Rb7 Kg8 59. Kf3 Bc3 60. f5 gxf5 61.
Kf4 Bd2+ 62. Kxf5 Rc6 63. g6 Rc5+ 64. Kf6 Rc6+ 65. Kf5 Bh6 66. Rb8+ Bf8 67. Rb5 Rc7 68. Rb6 Rd7 69. Rb8 Rc7 70. Ke6 Kg7 71. Kf5 Rc5+ 72. Kf4 Rc6 73. Rb7+ Kxg6 74. Rb5 Bh6+ 75. Ke4 Rf6 76.
Rb8 Bg7 77. Rg8 Rf7 78. Rc8 Bf6 79. Rb8 Re7+ 80. Kd5 Kf5 81. Rf8 Rd7+ 82. Kc6 Re7 83. Kd5 Rd7+ 84. Kc6 Rd2 85. Re8 Kg6 86. Re1 Kf7 87.
Kc5 Kg6 1/2-1/2

[Event "*** SCC Grand Prix: Titled Tuesday Blitz"]
[Site "Chess.com"]
[Date "2020.09.08"]
[Round "1"]
[White "Konek-Gorbunok"]
[Black "Legendinunknown"]
[Result "1/2-1/2"]
[WhiteElo "2319"]
[BlackElo "2627"]
[TimeControl "180+1"]
[EndTime "10:09:34 PDT"]
[Termination "Game drawn by repetition"]

1. d4 d5 2. Nf3 Nf6 3. g3 g6 4.
Bg2 Bg7 5. O-O O-O 6. Ne5 Nfd7 7.
Bxd5 Nxe5 8. dxe5 Bxe5 9. Nc3 c6 10. Bg2 Qxd1 11. Nxd1 Na6 12. c3 Be6 13. Ne3 Rfd8 14. Nc2 Bd5 15. Be3 Bxg2 16. Kxg2 b6 17. Rad1 c5 18. Bg5 Kf8 19. Na3 Nc7 20. Nc4 Bg7 21. e4 Ne6 22. Be3 Ke8 23. f4 f5 24. exf5 gxf5 25.
a4 Nc7 26. Kf3 Nd5 27. Rd2 e6 28. Rfd1 Ke7 29. Bf2 Rab8 30. Ne3 Nf6 31. Rxd8 Rxd8 32. Rxd8 Kxd8 33. Nc4 Ne4 34. Be3 Kd7 35. Nd2 Nxd2+ 36. Bxd2 Kd6 37. b3 Kd5 38. Ke3 c4 39. b4 Bf8 40. Be1 a6 41. h3 Bg7 42. g4 b5 43.
axb5 axb5 44. Kf3 fxg4+ 45. hxg4 e5 46. Bd2 exf4 47. Kxf4 Ke6 48. Ke4 Be5 49. Be1 Bf6 50.
Bd2 Be5 51. Be1 Bc7 52. Bd2 Bb6 53. Be1 Bg1 54. Bd2 Bf2 55. Kf3 Bh4 56. Ke4 Kd6 57.
Bf4+ Ke6 58. Bd2 Bg3 59. Kf3 Bd6 60. Ke4 Bc7 61. Bf4 Bxf4 62. Kxf4 Kf6 63. g5+ Kg6 64. Kg4 Kg7 65. Kf5 Kf7 66. Kf4 Ke6 67. Ke4 Kf7 68.
Kf5 Kg7 69. Kf4 Kf8 70. Ke5 Ke7 71. Kf5 Kf7 72. Kf4 Kf8 73. Ke5 Kg8 74. Kf6 Kf8 75.
g6 hxg6 76. Kxg6 Ke7 77. Kf5 Kd6 78. Kf6 Kd5 79. Kf5 Kd6 80. Kf6 Kd5 81. Kf5 Kd6 1/2-1/2

[Event "*** SCC Grand Prix: Titled Tuesday Blitz"]
[Site "Chess.com"]
[Date "2020.09.08"]
[Round "1"]
[White "Roza_Idrisova"]
[Black "Schandenfreude"]
[Result "0-1"]
[WhiteElo "2143"]
[BlackElo "2522"]
[TimeControl "180+1"]
[EndTime "10:09:34 PDT"]
[Termination "Schandenfreude won on time"]

1. d4 Nf6 2. Nf3 e6 3. Bg5 c5 4. c3 b6 5. e3 Bb7 6. Nbd2 cxd4 7. exd4 Be7 8. Bd3 O-O 9. O-O d6 10. Qe2 Nbd7 11. Rfe1 Re8 12. h3 a6 13. Rad1 b5 14. Bb1 Qc7 15. Ne4 Nxe4 16. Bxe4 Bxe4 17. Qxe4 Bxg5 18.
Nxg5 Nf6 19. Qe3 a5 20. Ne4 Nxe4 21. Qxe4 d5 22. Qe5 Qxe5 23. Rxe5 b4 24. Rd3 Rec8 25. Re2 Rab8 26. cxb4 Rxb4 27. f3 Kf8 28. Kf2 Ke7 29.
b3 a4 30. Ke3 axb3 31. Rxb3 Rxb3+ 32. axb3 Rc3+ 33. Kd2 Rxb3 34. Kc2 Ra3 35. Kb2 Ra4 36. Kc3 Rc4+ 37. Kd3 Ra4 38. Rb2 g6 39. h4 Kf6 40. g4 h6 41. Rb3 Ra1 42. Rb7 Rh1 43. g5+ hxg5 44. hxg5+ Kg7 45. f4 Rf1 46. Ke3 Re1+ 47.
Kf3 Rc1 48. Rb4 Rc3+ 49. Kg4 Kf8 50. Ra4 Rc4 51. Ra8+ Kg7 52. Ra3 Rxd4 53. Re3 Rc4 54. Kf3 Kf8 55. Ra3 Ke7 56. Ra7+ Ke8 57. Rb7 Rc8 58.
Ra7 Rd8 59. Rb7 Rd7 60. Rb8+ Ke7 61. Ke3 Rc7 62. Ra8 Rc3+ 63. Ke2 Rc7 64. Ke3 Kd6 65.
Ra2 Rc6 66. Ra3 e5 67. Kf3 Ke6 68. Kg4 Rc4 69. Ra6+ Ke7 70. Ra7+ Kf8 71. Rd7 Rxf4+ 72.
Kg3 Rd4 73. Kf3 e4+ 74. Kf4 Rd3 75. Ke5 Rf3 76. Kxd5 Rf5+ 77. Kxe4 Rxg5 78. Kf4 Rf5+ 79.
Kg4 Kg7 80. Ra7 Rb5 81. Rc7 Rb4+ 82. Kg3 Kf6 83. Rc6+ Kg5 84. Rc5+ f5 85. Rc3 Rd4 86. Ra3 Rd5 87. Rb3 Re5 88. Ra3 Kf6 89. Kf3 g5 90. Ra6+ Re6 0-1